 Dungeon Crawl Stone Soup version 0.31-b1-20-g67cafac56d (webtiles) character file.

Game seed: 3370435344095887797

21432 Aldia the Unseen (level 12, -2/72 HPs)
             Began as a Vampire Enchanter on Jan 17, 2024.
             Was a Believer of Ru.
             Incinerated by a deep elf pyromancer (14 damage)
             ... with a pyre arrow
             ... in a volcano.
             The game lasted 00:39:43 (11471 turns).

Aldia the Unseen (Vampire Enchanter)               Turns: 11471, Time: 00:39:43

Health: -2/72      AC: 13    Str:  7    XL:     12   Next: 54%
Magic:  9/19       EV: 16    Int: 19    God:    Ru [**....]
Gold:   908        SH:  0    Dex: 18    Spells: 4/21 levels left

rFire   . . .        m - +6 short sword (elec)
rCold   . . .        J - orb {guile}
rNeg    + + +        D - +0 acid dragon scales
rPois   ∞            e - +1 helmet
rElec   .            s - +2 cloak
rCorr   +            G - +1 pair of gloves
SInv    +            (no boots)
Will    .....        (no amulet)
Stlth   ++++         O - ring of fire
HPRegen 0.32/turn    v - ring of Shadows {Umbra +Inv Stlth+}
MPRegen 0.16/turn

%: no passive effects
@: on fire, bloodless, glowing
A: bloodless, fangs 3, see invisible, temperature sensitive, vampiric 2, no
forms
a: Bat Form, Revivify, Renounce Religion, Evoke Invisibility, Sacrifice Love,
Sacrifice Nimbleness, Sacrifice Health, Reject Sacrifices


You were in a volcano.
You worshipped Ru.
Ru was pleased with you.
You visited 3 branches of the dungeon, and saw 13 of its levels.
You also visited: Volcano.

You collected 908 gold pieces.

Inventory:

Hand Weapons
 m - a +6 short sword of electrocution (weapon)
 H - a +3 dagger of freezing
 R - a +3 scimitar of flaming
Missiles
 o - a throwing net (quivered)
 B - 3 curare-tipped darts
Armour
 e - a +1 helmet (worn)
 s - a +2 cloak (worn)
 u - the +0 leather armour "Gieluy" {rF++ Str+4}
   (You found it on level 4 of the Dungeon)

   Str+4:     It affects your strength (+4).
   rF++:      It greatly protects you from fire.
 D - +0 acid dragon scales (worn)
 G - a +1 pair of gloves (worn)
 J - an orb of guile (worn)
 K - a +0 buckler
Jewellery
 b - a +4 ring of protection
 j - a ring of resist corrosion
 n - an amulet of faith
 p - a +6 ring of intelligence
 v - the ring of Shadows (right hand) {Umbra +Inv Stlth+}
   (You found it on level 4 of the Dungeon)

   [ring of stealth]

   Umbra:     It surrounds you with an aura of shadow, increasing your stealth
   and reducing the accuracy of all others within it.
   +Inv:      It lets you turn invisible.
   Stlth+:    It makes you more stealthy.
 A - a ring of wizardry
 M - a ring of flight
 N - a ring of magical power
 O - a ring of fire (left hand)
 Q - a ring of ice
Wands
 a - a wand of polymorph (4)
 r - a wand of flame (17)
 t - a wand of iceblast (15)
 w - a wand of light (17)
Scrolls
 f - a scroll of vulnerability
 g - 3 scrolls of enchant weapon
 i - a scroll of teleportation
 l - 2 scrolls of blinking
 x - a scroll of noise
 y - a scroll of brand weapon
 z - 2 scrolls of amnesia
 E - 2 scrolls of revelation
Potions
 c - a potion of invisibility
 d - 4 potions of haste
 h - 3 potions of magic
 k - 4 potions of resistance
 q - a potion of brilliance
 C - a potion of cancellation
 F - 3 potions of enlightenment


   Skills:
 - Level 7.1 Fighting
 - Level 10.0 Short Blades
 + Level 1.2(5.8) Long Blades
 - Level 1.0 Armour
 + Level 9.7 Dodging
 - Level 15.0 Stealth
 + Level 1.1 Shields
 - Level 5.0 Spellcasting
 - Level 10.0 Hexes
 + Level 4.3 Translocations
 - Level 1.0 Ice Magic
 + Level 5.8 Evocations


You had 4 spell levels left.
You knew the following spells:

 Your Spells              Type           Power      Damage    Failure   Level
a - Ensorcelled Hibernat  Hex/Ice        50%        N/A       3%          2
b - Confusing Touch       Hex            42%        N/A       1%          3
c - Tukima's Dance        Hex            42%        N/A       1%          3
d - Passage of Golubria   Tloc           21%        N/A       36%         4
e - Sigil of Binding      Hex            42%        N/A       1%          3
f - Blink                 Tloc           42%        N/A       6%          2

Your spell library contained the following spells:

 Spells                   Type           Power      Damage    Failure   Level
 Slow                     Hex            100%       N/A       1%          1
 Lesser Beckoning         Tloc           42%        N/A       6%          2
 Dazzling Flash           Conj/Hex       46%        N/A       9%          3
 Gell's Gravitas          Tloc           21%        N/A       12%         3
 Teleport Other           Tloc           21%        N/A       12%         3
 Dimensional Bullseye     Hex/Tloc       16%        N/A       12%         4
 Momentum Strike          Conj/Tloc      26%        3d8       14%         2
 Stone Arrow              Conj/Erth      8%         3d7       56%         3
 Vampiric Draining        Necr           4%         2d6       56%         3
 Iskenderun's Mystic Bla  Conj/Tloc      13%        2d5       67%         4
 Animate Armour           Summ/Erth      8%         N/A       92%         4
 Brom's Barrelling Bould  Conj/Erth      4%         2d3       92%         4
 Silence                  Hex/Air        11%        N/A       63%         5
 Fireball                 Conj/Fire      3%         3d4       99%         5
 Iskenderun's Battlesphe  Conj           4%         2d6       99%         5
 Conjure Ball Lightning   Conj/Air       2%         3x3d6     100%        6
 Starburst                Conj/Fire      3%         6d3       100%        6
 Orb of Destruction       Conj           2%         9d5       100%        7
 Lehudib's Crystal Spear  Conj/Erth      2%         10d2      100%        8


Dungeon Overview and Level Annotations

Branches:
Dungeon (11/15)            Temple (1/1) D:6            Lair (1/5) D:10
    Orc (0/2) D:9         Volcano (1/1)

Altars:
Ashenzari
Cheibriados
Dithmenos
Fedhas
Gozag
Hepliaklqana
Kikubaaqudgha
Makhleb
Nemelex Xobeh
Okawaru
Qazlal
Ru
Sif Muna
Trog
Uskayaw
Vehumet
Wu Jian
Xom
Yredelemnul

Shops:
D:6 *

Annotations:
D:7 5 runed translucent doors


Innate Abilities, Weirdness & Mutations

You do not regenerate when monsters are visible.
You are frail without blood (-20% HP).
You can heal yourself when you bite living creatures.
You are immune to poison.
You have razor-sharp teeth.
You have supernaturally acute eyesight. (SInv)
You are sensitive to extremes of temperature. (rF-, rC-)
You are afflicted with vampirism and can become a bat while bloodless.
You cannot voluntarily change form.


Message History

Press: ? - help, Shift-Dir - straight line, f - deep elf pyromancer, p - hell hound
Aim: a deep elf pyromancer, wielding a +0 short sword (umbra, chance to affect: 73%)
The deep elf pyromancer looks drowsy...
The liquid fire burns you!
* * * LOW HITPOINT WARNING * * *
The fire elemental hits you. The fire elemental burns you!
* * * LOW HITPOINT WARNING * * *
The hell hound bites you.
* * * LOW HITPOINT WARNING * * *
Unknown command.
Unknown command.
The helpless deep elf pyromancer fails to defend itself.
You bite the deep elf pyromancer, and draw its blood!
You feel better.
You perforate the deep elf pyromancer like a sieve!!!!
You kill the deep elf pyromancer!
The fire elemental disappears in a puff of smoke!
The liquid fire burns you!
* * * LOW HITPOINT WARNING * * *
The hell hound closely misses you.
Your base Long Blades skill increases to level 1!
Your Shields skill increases to level 1!
Unknown command.
Casting: Ensorcelled Hibernation (safe; 3% risk of failure)
Confirm with . or Enter, or press ? or * to list all spells.
Aiming: Ensorcelled Hibernation (safe; 3% risk of failure)
Press: ? - help, Shift-Dir - straight line, f - hell hound
Aim: a hell hound (umbra, chance to affect: 73%)
The hell hound looks drowsy...
The liquid fire burns you!
* * * LOW HITPOINT WARNING * * *
Unknown command.
The helpless hell hound fails to defend itself.
You stick the hell hound like a pincushion!!!!
You kill the hell hound!
The liquid fire burns you!
* * * LOW HITPOINT WARNING * * *
You feel better. The liquid fire burns you!
You die...

#≈§≈≈### ###≈≈§≈###
#.###≈≈§≈###
#...###≈≈≈§###
#.≈.'.###≈§≈§###
#...#..†###≈≈≈§###
#'###.....###§≈≈≈##
#...###.....###≈≈≈
#.@)..####..'.###
#..§..+..####..∩#
###...#E.§ #..∩#
#.#+#.#..§. #.###
#e. ##...e.###§§§
#.. #...###§§≈§##
#.. +e# §§§### #.
≈## ##


You could see a deep elf pyromancer (asleep).

Vanquished Creatures
  Erica (D:11)
  4 two-headed ogres
  A sun demon (D:10)
  2 ugly things
  2 deep elf pyromancers
  A manticore (D:11)
  A cyclops (D:9)
  A black mamba (Lair:1)
  A cane toad (Lair:1)
  Jeremiah (D:7)
  3 kobold demonologists (D:10)
  4 unseen horror zombies (D:9)
  An orange demon (D:8)
  An ice devil (D:10)
  3 hellwings (D:10)
  2 trolls
  A hornet (D:8)
  3 shadows
  3 wraiths
  A vampire (D:10)
  2 basilisks
  2 wyverns
  15 yaks
  An unseen horror simulacrum (D:10)
  2 fire elementals (Volcano)
  2 steam dragons
  A chaos spawn (D:10)
  3 acid dragons
  2 vampire mosquitoes (D:11)
  6 water moccasins
  5 hell hounds (Volcano)
  3 orc warriors
  A sky beast (D:7)
  An ice beast (D:7)
  A black bear (D:7)
  3 ogres
  2 centaurs
  A phantom (D:4)
  3 bullfrogs
  4 kobold brigands
  2 gnoll sergeants
  3 scorpions
  4 wights (D:7)
  15 killer bees
  4 howler monkeys
  4 centaur zombies (D:9)
  2 jellies
  A quasit (D:10)
  2 bombardier beetles
  A hound (D:7)
  Crazy Yiuf (D:3)
  A gnoll bouda (D:9)
  7 orc priests
  2 iguanas
  Jessica (D:3)
  3 sleepcaps
  19 orc wizards
  2 howler monkey zombies (D:9)
  11 gnolls
  6 adders
  2 dart slugs
  A ribbon worm (D:5)
  24 orcs
  7 ball pythons
  5 bats
  7 endoplasms
  5 giant cockroaches
  5 goblins
  2 hobgoblins (D:1)
  5 jackals
  19 kobolds
  3 quokkas
  4 frilled lizards
  A rat (D:3)
  A butterfly (Lair:1)
279 creatures vanquished.

Vanquished Creatures (collateral kills)
  Amaemon (D:8)
  A gnoll (D:9)
2 creatures vanquished.

Vanquished Creatures (others)
  A dancing weapon (D:7)
1 creature vanquished.

Grand Total: 282 creatures vanquished

Notes
Turn   | Place    | Note
-------+----------+-------------------------------------------
     0 | D:1      | Aldia the Vampire Enchanter began the quest for the Orb.
     0 | D:1      | Reached XP level 1. HP: 13/13 MP: 3/3
   154 | D:1      | Reached XP level 2. HP: 14/15 MP: 5/5
   162 | D:1      | Learned a level 2 spell: Ensorcelled Hibernation
   182 | D:1      | Reached skill level 5 in Stealth
   348 | D:1      | Gained mutation: You are afflicted with vampirism and can
                  | become a bat while bloodless. [Vampire growth]
   348 | D:1      | Reached XP level 3. HP: 9/19 MP: 1/6
   355 | D:1      | Learned a level 3 spell: Confusing Touch
   872 | D:2      | Reached skill level 1 in Ice Magic
  1161 | D:2      | Reached skill level 6 in Stealth
  1238 | D:2      | Reached XP level 4. HP: 24/24 MP: 7/7
  1887 | D:3      | Noticed Jessica
  1894 | D:3      | Killed Jessica
  2245 | D:3      | Reached skill level 5 in Hexes
  2245 | D:3      | Reached XP level 5. HP: 28/28 MP: 8/8
  2258 | D:3      | Found a runed translucent door.
  2259 | D:3      | Noticed Crazy Yiuf
  2654 | D:3      | Killed Crazy Yiuf
  2655 | D:3      | Reached skill level 7 in Stealth
  2912 | D:4      | Noticed a phantom
  2933 | D:4      | Killed a phantom
  2934 | D:4      | Reached skill level 8 in Stealth
  2934 | D:4      | Reached XP level 6. HP: 13/32 MP: 6/9
  2948 | D:4      | Learned a level 3 spell: Tukima's Dance
  3019 | D:4      | Identified the +0 leather armour "Gieluy" {rF++ Str+4}
  3137 | D:4      | Reached skill level 5 in Short Blades
  3160 | D:4      | Found the ring of Shadows {Umbra +Inv Stlth+}
  3953 | D:5      | Entered Level 5 of the Dungeon
  4001 | D:5      | Found a broken altar of Ashenzari.
  4058 | D:5      | Reached XP level 7. HP: 37/37 MP: 4/11
  4138 | D:5      | Found a sacrificial altar of Ru.
  4262 | D:5      | Reached skill level 1 in Fighting
  5153 | D:6      | Found Ea-nāṣir's Fine Metal Goods.
  5420 | D:5      | Became a worshipper of Ru the Awakened
  5689 | D:6      | Reached XP level 8. HP: 22/45 MP: 13/13
  5799 | D:6      | Learned a level 4 spell: Passage of Golubria
  5934 | D:6      | Found a staircase to the Ecumenical Temple.
  5943 | Temple   | Entered the Ecumenical Temple
  6185 | D:6      | Found an opulent altar of Gozag.
  6371 | D:7      | Found a runed translucent door.
  6444 | D:7      | Found a radiant altar of Vehumet.
  6499 | D:7      | Reached skill level 5 in Dodging
  6732 | D:7      | Noticed Jeremiah
  6737 | D:7      | Killed Jeremiah
  6738 | D:7      | Reached skill level 9 in Stealth
  6738 | D:7      | Reached XP level 9. HP: 50/52 MP: 15/15
  6816 | D:7      | Gained mutation: You cannot voluntarily change form. [Ru
                  | sacrifice]
  6839 | D:7      | Noticed a two-headed ogre
  6848 | D:7      | Killed a two-headed ogre
  6849 | D:7      | Reached skill level 10 in Stealth
  7169 | D:7      | Reached skill level 11 in Stealth
  7285 | D:7      | Found a runed translucent door.
  7285 | D:7      | Found a large runed translucent door.
  7285 | D:7      | Found a large runed translucent door.
  7287 | D:7      | Found a runed translucent door.
  7287 | D:7      | Found a runed translucent door.
  7577 | D:8      | Reached skill level 12 in Stealth
  7648 | D:8      | Noticed a two-headed ogre
  7655 | D:8      | Killed a two-headed ogre
  7656 | D:8      | Reached XP level 10. HP: 54/58 MP: 16/16
  7703 | D:8      | Noticed an orange demon
  7704 | D:8      | Noticed Amaemon
  8134 | D:8      | Killed Amaemon
  8144 | D:8      | Reached skill level 5 in Fighting
  8148 | D:8      | Killed an orange demon
  8149 | D:8      | Reached skill level 10 in Hexes
  8546 | D:9      | Found a staircase to the Orcish Mines.
  8598 | D:9      | Reached skill level 5 in Spellcasting
  8694 | D:9      | Noticed a two-headed ogre
  8701 | D:9      | Killed a two-headed ogre
  8702 | D:9      | Reached skill level 13 in Stealth
  8750 | D:9      | Noticed a cyclops
  8755 | D:9      | Killed a cyclops
  8758 | D:9      | Noticed a purple ugly thing
  8760 | D:9      | Killed a purple ugly thing
  8784 | D:9      | Reached XP level 11. HP: 64/64 MP: 18/18
  8816 | D:9      | Learned a level 3 spell: Sigil of Binding
  8945 | D:9      | Found a basalt altar of Yredelemnul.
  8963 | D:9      | Reached skill level 14 in Stealth
  8974 | D:9      | Gained mutation: You are sensitive to extremes of
                  | temperature. (rF-, rC-) [Ru sacrifice]
  8974 | D:9      | Reached * piety under Ru
  8974 | D:9      | Reached ** piety under Ru
  9393 | D:9      | Reached skill level 15 in Stealth
  9396 | D:9      | Reached skill level 1 in Armour
  9396 | D:9      | Reached skill level 1 in Evocations
  9500 | D:9      | Noticed a two-headed ogre
  9502 | D:9      | Killed a two-headed ogre
  9503 | D:9      | Reached skill level 10 in Short Blades
  9617 | D:10     | Entered Level 10 of the Dungeon
  9625 | D:10     | Noticed a sun demon
  9633 | D:10     | Killed a sun demon
  9741 | D:10     | Found a staircase to the Lair.
  9777 | D:10     | Noticed a deep elf pyromancer
  9781 | D:10     | Noticed a green ugly thing
  9784 | D:10     | Killed a deep elf pyromancer
  9788 | D:10     | Killed a green ugly thing
  9789 | D:10     | Reached skill level 1 in Translocations
  9797 | D:10     | Got the Information on the Impact
  9829 | D:10     | Learned a level 2 spell: Blink
  9886 | D:10     | Noticed a sixfirhy
  9889 | D:10     | Noticed a soul eater
  9902 | D:10     | Reached XP level 12. HP: 71/71 MP: 5/19
 10056 | D:10     | Found a snail-covered altar of Cheibriados.
 10056 | D:10     | Found a faded altar of an unknown god.
 10061 | D:10     | Found a stormy altar of Qazlal.
 10063 | D:10     | Found a shimmering altar of Xom.
 10064 | D:10     | Found a shadowy altar of Dithmenos.
 10704 | D:11     | Reached skill level 5 in Evocations
 10705 | D:11     | Identified the +1 robe "Feomnel" {*Slow rCorr Str+5}
 10801 | D:11     | Noticed Erica
 10808 | D:11     | Killed Erica
 11225 | Lair:1   | Entered Level 1 of the Lair of Beasts
 11427 | Lair:1   | Found a dark tunnel.
 11437 | Volcano  | Entered a volcano
 11469 | Volcano  | Reached skill level 1 in Long Blades
 11469 | Volcano  | Reached skill level 1 in Shields
 11471 | Volcano  | Incinerated by a deep elf pyromancer

Illustrated notes

Levels and vault maps discovered:
D:1:      eino_arrival_tree_alley, layout_basic
D:2:      layout_basic
D:3:      layout_loops_corners, uniq_crazy_yiuf_cottage, uniq_jessica
D:4:      layout_layer_cave, lemuel_crystal_altar
D:5:      layout_basic, nicolae_ashenzari_skybound,
          mainiacjoe_overflow_two_lobes, minmay_a_box_with_orc_wizards_in_it
D:6:      layout_cave_pools, kennysheep_mini, temple_hall,
          nicolae_ea-nasir_strikes_again, nicolae_titane
D:7:      layout_basic, nicolae_vehumet_radiance, serial_rivers,
          chequers_serial_rivers_small_3, chequers_serial_rivers_micro_d,
          chequers_serial_rivers_micro_c, chequers_serial_rivers_room_a,
          chequers_serial_rivers_small_a, chequers_serial_rivers_micro_d,
          lightli_church_of_beogh, uniq_jeremiah
D:8:      layout_cave_pools, corexii_hall_statues_x, uniq_amaemon
D:9:      minmay_ornate_pinched, layout_irregular_city,
          nicolae_yredelemnul_corpse_copse
D:10:     layout_rooms, chequers_temple_overflow_minitemple, lair_entry_dummy,
          serial_demonic, serial_demonic_c, serial_demonic_c, serial_demonic_b,
          serial_demonic_g, serial_demonic_d, corner_web_ring,
          minmay_diamond_spiral
D:11:     layout_loops_ring, uniq_erica
Temple:   chequers_temple_sunken
Lair:1:   layout_long_grid, lightli_volcano_entry_magma_tube,
          chequers_serial_rivers_micro_e, lemuel_fruit_fields,
          infiniplex_staircase_pool, uniq_harold
Volcano:  hellmonk_pyromancer_palace

Skill      XL: |  1  2  3  4  5  6  7  8  9 10 11 12 |
---------------+-------------------------------------+-----
Stealth        | 5 6 8 9 12 13 15 | 15.0
Short Blades   | 2 3 4 5 8 10 | 10.0
Ice Magic      | 1 |  1.0
Hexes          | 5 6 8 9 10 | 10.0
Fighting       | 2 4 5 6 7 |  7.1
Spellcasting   | 3 4 5 |  5.0
Dodging        | 6 7 9 |  9.7
Armour         | 1 |  1.0
Evocations     | 4 5 |  5.8
Translocations | 2 4 |  4.3
Long Blades    | 1 |  1.2
Shields        | 1 |  1.1

Action                     |  1- 3 |  4- 6 |  7- 9 | 10-12 || total
---------------------------+-------+-------+-------+-------++-------
  Melee: Dagger            |    73 |       |     5 |       ||    78
         Bite              |     7 |     3 |    21 |    29 ||    60
         Short sword       |     2 |    60 |   170 |   317 ||   549
         Punch             |     1 |       |     1 |       ||     2
   Cast: Ensorcelled Hiber |     7 |    11 |    30 |    71 ||   119
         Confusing Touch   |       |     1 |     2 |     7 ||    10
         Tukima's Dance    |       |       |     2 |     3 ||     5
 Invoke: Sacrifice Forms   |       |       |     1 |       ||     1
         Sacrifice Resista |       |       |       |     1 ||     1
Ability: Exsanguinate      |     1 |       |       |       ||     1
  Evoke: Wand              |       |       |       |     4 ||     4
    Use: Scroll            |       |     5 |    13 |     9 ||    27
         Potion            |       |     1 |     1 |     3 ||     5
   Stab: Sleeping          |    30 |    21 |    39 |    88 ||   178
         Distracted        |     1 |       |     1 |     5 ||     7
         Invisible         |       |     1 |     2 |       ||     3
         Confused          |       |     1 |     2 |     7 ||    10
 Armour: Robe              |    26 |    19 |    25 |       ||    70
         Acid dragon scale |       |       |    64 |   172 ||   236
  Dodge: Dodged            |    34 |    13 |    94 |   233 ||   374
